SL
ROCKY MOUNTAIN NUGGETS @ ATHLETIC CLUB KC
09/19/2019
 
TOP OF THE 1ST
Rocky Mountain Nuggets batting - Pitching for Athletic Club KC : LHP Leslie Brooks
Pitching: LHP Leslie Brooks
Batting: RHB Xie-li Kan 0-0: Called Strike
0-1: Ball
1-1: Ball
2-1: SINGLE (Groundball, 4MD)
Batting: LHB Keith McKnight 0-0: Swinging Strike
0-1: Called Strike
0-2: Foul Ball, location: 2F
0-2: Ball
1-2: SINGLE (Groundball, 34D)
Xie-li Kan to second
Runner from 2nd tries for 3rd, SAFE, no throw or cutoff
Batting: RHB Mark Melton 0-0: Swinging Strike
0-1: Called Strike
0-2: Fly out, F8 (Flyball, 8LM)
Runner from 3rd tags up, SCORES, no throw
Batting: RHB David Verhoeve 0-0: Called Strike
0-1: Ball
Wild Pitch!
Keith McKnight to second
1-1: Fly out, F8 (Popup, 8LS)
Batting: SHB Jim Morris 0-0: Ball
1-0: Called Strike
1-1: Called Strike
1-2: Ball
2-2: Foul Ball, location: 2F
2-2: Foul Ball, location: 2F
2-2: Foul Ball, location: 2F
2-2: Foul Ball, location: 2F
2-2: Foul Ball, location: 2F
2-2: SINGLE (Groundball, 6)
Keith McKnight to third
Runner from 3rd tries for Home, SAFE, throw made home
Jim Morris to second
Batting: SHB Quan Ge 0-0: Called Strike
0-1: Ball
1-1: Swinging Strike
1-2: Strikes out swinging
Top of the 1st over - 2 run(s), 3 hit(s), 0 error(s), 1 left on base; Rocky Mountain 2 - Athletic Club KC 0
BOTTOM OF THE 1ST
Athletic Club KC batting - Pitching for Rocky Mountain Nuggets : RHP John Braun
Pitching: RHP John Braun
Batting: SHB David Henderson 0-0: Ball
1-0: Ball
2-0: Ball
3-0: Called Strike
3-1: Foul Ball, location: 2F
3-2: Ground out 6-3 (Groundball, 6)
Batting: RHB Jorge Trevino 0-0: DOUBLE (Line Drive, 6M)
Batting: LHB Chris Rice 0-0: Ball
1-0: Ground out 6-3 (Groundball, 6M)
Jorge Trevino to third
Batting: RHB Ramón Souza 0-0: Called Strike
0-1: Ground out 5-3 (Groundball, 5L)
Bottom of the 1st over - 0 run(s), 1 hit(s), 0 error(s), 1 left on base; Rocky Mountain 2 - Athletic Club KC 0
TOP OF THE 2ND
Rocky Mountain Nuggets batting - Pitching for Athletic Club KC : LHP Leslie Brooks
Batting: RHB Juan Ávila 0-0: Ball
1-0: Swinging Strike
1-1: Ball
2-1: Called Strike
2-2: Strikes out looking
Batting: RHB Michael Riley 0-0: Fly out, F7 (Flyball, 78S)
Batting: LHB John Braun 0-0: Called Strike
0-1: Ball
1-1: Called Strike
1-2: Ground out 4-3 (Groundball, 4)
Top of the 2nd over - 0 run(s), 0 hit(s), 0 error(s), 0 left on base; Rocky Mountain 2 - Athletic Club KC 0
BOTTOM OF THE 2ND
Athletic Club KC batting - Pitching for Rocky Mountain Nuggets : RHP John Braun
Batting: LHB Bob Davis 0-0: Ball
1-0: Ball
2-0: Ball
3-0: Base on Balls
Batting: LHB Emílio Sáenz 0-0: Ball
1-0: Called Strike
1-1: Ball
2-1: Fielders Choice at 2nd, 1-6 (Groundball, 13S)
Batting: RHB Cory Staton 0-0: Ball
Emílio Sáenz is caught stealing 2nd base
1-0: Called Strike
1-1: Ball
2-1: Foul Ball, location: 2F
2-2: Ball
3-2: Strikes out swinging
Bottom of the 2nd over - 0 run(s), 0 hit(s), 0 error(s), 0 left on base; Rocky Mountain 2 - Athletic Club KC 0
TOP OF THE 3RD
Rocky Mountain Nuggets batting - Pitching for Athletic Club KC : LHP Leslie Brooks
Batting: RHB Xie-li Kan 0-0: Ball
1-0: Ball
2-0: Called Strike
2-1: Foul Ball, location: 2F
2-2: Strikes out swinging
Batting: LHB Keith McKnight 0-0: Called Strike
0-1: Ball
1-1: SINGLE (Line Drive, 9S)
Batting: RHB Mark Melton 0-0: Called Strike
0-1: Ball
1-1: Foul Ball, location: 2F
1-2: Foul Ball, location: 2F
1-2: Fly out, F7 (Line Drive, 7M)
1-2: Lined into DP, 7-3 (Line Drive, 7M)
Top of the 3rd over - 0 run(s), 1 hit(s), 0 error(s), 0 left on base; Rocky Mountain 2 - Athletic Club KC 0
BOTTOM OF THE 3RD
Athletic Club KC batting - Pitching for Rocky Mountain Nuggets : RHP John Braun
Batting: LHB Lawrence Washington 0-0: Ball
1-0: Foul Ball, location: 2F
1-1: Ball
2-1: SOLO HOME RUN (Flyball, 9D), Distance : 382 ft
Batting: LHB Leslie Brooks 0-0: Ground out 2-3 (Groundball, 23)
Batting: SHB David Henderson 0-0: Swinging Strike
0-1: Foul Ball, location: 2F
0-2: Foul Ball, location: 2F
0-2: Ball
1-2: Strikes out swinging
Batting: RHB Jorge Trevino 0-0: Called Strike
0-1: Foul Ball, location: 2F
0-2: Reached on error, E5 (Groundball, 56S)
Batting: LHB Chris Rice 0-0: Ground out 6-3 (Groundball, 6)
Bottom of the 3rd over - 1 run(s), 1 hit(s), 1 error(s), 1 left on base; Rocky Mountain 2 - Athletic Club KC 1
TOP OF THE 4TH
Rocky Mountain Nuggets batting - Pitching for Athletic Club KC : LHP Leslie Brooks
Batting: RHB David Verhoeve 0-0: Ground out 6-3 (Groundball, 6)
Batting: SHB Jim Morris 0-0: Ball
1-0: Called Strike
1-1: Swinging Strike
1-2: Strikes out looking
Batting: SHB Quan Ge 0-0: Ball
1-0: Ball
2-0: Ball
3-0: Called Strike
3-1: Base on Balls
Batting: RHB Juan Ávila 0-0: Ball
1-0: Ball
2-0: Foul Ball, location: 2F
2-1: Swinging Strike
2-2: Ball
3-2: Ground out 2-3 (Groundball, 2L)
Top of the 4th over - 0 run(s), 0 hit(s), 0 error(s), 1 left on base; Rocky Mountain 2 - Athletic Club KC 1
BOTTOM OF THE 4TH
Athletic Club KC batting - Pitching for Rocky Mountain Nuggets : RHP John Braun
Batting: RHB Ramón Souza 0-0: Ball
1-0: Called Strike
1-1: Swinging Strike
1-2: Foul Ball, location: 2F
1-2: Ground out 5-3 (Groundball, 5)
Batting: LHB Bob Davis 0-0: Ball
1-0: Ball
2-0: Foul Ball, location: 2F
2-1: Ball
3-1: Called Strike
3-2: Strikes out swinging
Batting: LHB Emílio Sáenz 0-0: Ball
1-0: Foul Ball, location: 2F
1-1: Ball
2-1: Called Strike
2-2: Foul Ball, location: 2F
2-2: Foul Ball, location: 2F
2-2: Fly out, F8 (Flyball, 8LD)
Bottom of the 4th over - 0 run(s), 0 hit(s), 0 error(s), 0 left on base; Rocky Mountain 2 - Athletic Club KC 1
TOP OF THE 5TH
Rocky Mountain Nuggets batting - Pitching for Athletic Club KC : LHP Leslie Brooks
Batting: RHB Michael Riley 0-0: Called Strike
0-1: Ball
1-1: Ball
2-1: Ball
3-1: TRIPLE (Line Drive, 9LM)
Batting: LHB John Braun 0-0: Called Strike
0-1: Foul Ball, location: 2F
0-2: Foul Ball, location: 2F
0-2: Ball
1-2: Ball
2-2: Foul Ball, location: 2F
2-2: Ground out 4-3 (Groundball, 4)
Batting: RHB Xie-li Kan 0-0: Swinging Strike
0-1: Ball
1-1: Foul Ball, location: 2F
1-2: Ball
2-2: SINGLE (Line Drive, 56D)
Michael Riley scores
Batting: LHB Keith McKnight 0-0: Called Strike
0-1: Swinging Strike
0-2: Ball
1-2: Ball
2-2: Grounds into double play, 1-6-3 (Groundball, 15)
Top of the 5th over - 1 run(s), 2 hit(s), 0 error(s), 0 left on base; Rocky Mountain 3 - Athletic Club KC 1
BOTTOM OF THE 5TH
Athletic Club KC batting - Pitching for Rocky Mountain Nuggets : RHP John Braun
Batting: RHB Cory Staton 0-0: Ground out 6-3 (Groundball, 6)
Batting: LHB Lawrence Washington 0-0: Called Strike
0-1: Ball
1-1: Fly out, F4 (Line Drive, 4)
Batting: LHB Leslie Brooks 0-0: Called Strike
0-1: Ball
1-1: Ground out 6-3 (Groundball, 6)
Bottom of the 5th over - 0 run(s), 0 hit(s), 0 error(s), 0 left on base; Rocky Mountain 3 - Athletic Club KC 1
TOP OF THE 6TH
Rocky Mountain Nuggets batting - Pitching for Athletic Club KC : LHP Leslie Brooks
Batting: RHB Mark Melton 0-0: Ball
1-0: Ball
2-0: Foul Ball, location: 2F
2-1: Ball
3-1: Foul Ball, location: 2F
3-2: Base on Balls
Batting: RHB David Verhoeve 0-0: Swinging Strike
0-1: Foul Ball, location: 2F
0-2: Strikes out swinging
Batting: SHB Jim Morris 0-0: Ball
1-0: Called Strike
1-1: Foul Ball, location: 2F
1-2: Foul Ball, location: 2F
1-2: Foul Ball, location: 2F
1-2: Fly out, F9 (Flyball, 9S)
Batting: SHB Quan Ge 0-0: Ball
1-0: Ground out U3 (Groundball, 3S)
Top of the 6th over - 0 run(s), 0 hit(s), 0 error(s), 1 left on base; Rocky Mountain 3 - Athletic Club KC 1
BOTTOM OF THE 6TH
Athletic Club KC batting - Pitching for Rocky Mountain Nuggets : RHP John Braun
Batting: SHB David Henderson 0-0: Ball
1-0: Foul Ball, location: 2F
1-1: Ball
2-1: Fly out, F3 (Popup, 3F)
Batting: RHB Jorge Trevino 0-0: Ball
1-0: Ball
2-0: Ball
3-0: Called Strike
3-1: Base on Balls
Batting: LHB Chris Rice 0-0: Ball
1-0: Ball
2-0: Ball
3-0: Called Strike
3-1: Foul Ball, location: 2F
3-2: Foul Ball, location: 2F
3-2: Grounds into double play, U4-3 (Groundball, 4)
Bottom of the 6th over - 0 run(s), 0 hit(s), 0 error(s), 0 left on base; Rocky Mountain 3 - Athletic Club KC 1
TOP OF THE 7TH
Rocky Mountain Nuggets batting - Pitching for Athletic Club KC : LHP Leslie Brooks
Batting: RHB Juan Ávila 0-0: Ball
1-0: Ball
2-0: Ball
3-0: Base on Balls
Batting: RHB Michael Riley 0-0: Called Strike
0-1: Ball
1-1: Ball
2-1: Ball
3-1: Called Strike
3-2: Foul Ball, location: 2F
3-2: Foul Ball, location: 2F
3-2: Fly out, F8 (Flyball, 8LD)
Pitching: LHP Carlos Vargas
Batting: LHB John Braun 0-0: Called Strike
0-1: Sac Bunt - play at second, runner OUT! 1-6
Batting: RHB Xie-li Kan 0-0: Ball
1-0: Ball
2-0: Ball
3-0: Foul Ball, location: 2F
3-1: Base on Balls
John Braun to second
Pinch Hitting: RHB Paul Smith 0-0: Foul Ball, location: 2F
0-1: Called Strike
0-2: Foul Ball, location: 2F
0-2: Strikes out swinging
Top of the 7th over - 0 run(s), 0 hit(s), 0 error(s), 2 left on base; Rocky Mountain 3 - Athletic Club KC 1
BOTTOM OF THE 7TH
Athletic Club KC batting - Pitching for Rocky Mountain Nuggets : RHP John Braun
Now at SS: Paul Smith
Batting: RHB Ramón Souza 0-0: Called Strike
0-1: Ball
1-1: Foul Ball, location: 2F
1-2: Ball
2-2: Foul Ball, location: 2F
2-2: Ground out 1-3 (Groundball, 15S)
Batting: LHB Bob Davis 0-0: Ball
1-0: Called Strike
1-1: Foul Ball, location: 2F
1-2: DOUBLE (Flyball, 7LD)
Batting: LHB Emílio Sáenz 0-0: Ball
1-0: Ground out 5-3 (Groundball, 56)
Batting: RHB Cory Staton 0-0: Ground out 6-3 (Groundball, 6)
Bottom of the 7th over - 0 run(s), 1 hit(s), 0 error(s), 1 left on base; Rocky Mountain 3 - Athletic Club KC 1
TOP OF THE 8TH
Rocky Mountain Nuggets batting - Pitching for Athletic Club KC : LHP Carlos Vargas
Batting: RHB Mark Melton 0-0: Foul Ball, location: 2F
0-1: Fly out, F8 (Flyball, 8RM)
Batting: RHB David Verhoeve 0-0: Swinging Strike
0-1: Foul Ball, location: 2F
0-2: Ball
1-2: Strikes out swinging
Batting: SHB Jim Morris 0-0: Ball
1-0: Foul Ball, location: 2F
1-1: Ball
2-1: Ball
3-1: Base on Balls
Batting: SHB Quan Ge 0-0: Ball
1-0: Called Strike
1-1: Called Strike
1-2: Ball
2-2: Foul Ball, location: 2F
2-2: Ground out 1-3 (Groundball, 15S)
Top of the 8th over - 0 run(s), 0 hit(s), 0 error(s), 1 left on base; Rocky Mountain 3 - Athletic Club KC 1
BOTTOM OF THE 8TH
Athletic Club KC batting - Pitching for Rocky Mountain Nuggets : RHP John Braun
Batting: LHB Lawrence Washington 0-0: Ball
1-0: Ball
2-0: Fly out, F8 (Flyball, 8RM)
Pinch Hitting: LHB Tony Reynolds 0-0: Called Strike
0-1: Ball
1-1: Ground out 4-3 (Groundball, 34)
Batting: SHB David Henderson 0-0: Ball
1-0: SOLO HOME RUN (Line Drive, 9LD), Distance : 348 ft
Batting: RHB Jorge Trevino 0-0: Ball
1-0: Foul Ball, location: 2F
1-1: SOLO HOME RUN (Flyball, 7D), Distance : 401 ft
Batting: LHB Chris Rice 0-0: Ball
1-0: Ball
2-0: Foul Ball, location: 2F
2-1: Ground out 4-3 (Groundball, 34)
Bottom of the 8th over - 2 run(s), 2 hit(s), 0 error(s), 0 left on base; Rocky Mountain 3 - Athletic Club KC 3
TOP OF THE 9TH
Rocky Mountain Nuggets batting - Pitching for Athletic Club KC : LHP Carlos Vargas
Pitching: RHP Carlos Fuentes
Pinch Hitting: LHB Jason Potter 0-0: Called Strike
0-1: Ball
1-1: Foul Ball, location: 2F
1-2: Ball
2-2: Strikes out swinging
Pinch Hitting: LHB Egidio Agnolutto 0-0: Called Strike
0-1: Ball
1-1: Ball
2-1: Swinging Strike
2-2: Foul Ball, location: 2F
2-2: Fly out, F9 (Flyball, 9D)
Pinch Hitting: RHB Mark O'Monaghan 0-0: Called Strike
0-1: Foul Ball, location: 2F
0-2: Strikes out swinging
Top of the 9th over - 0 run(s), 0 hit(s), 0 error(s), 0 left on base; Rocky Mountain 3 - Athletic Club KC 3
BOTTOM OF THE 9TH
Athletic Club KC batting - Pitching for Rocky Mountain Nuggets : RHP John Braun
Pitching: LHP Tommy Blevins
Now at 3B: Hunter Wilson
Now in LF: Jason Potter
Batting: RHB Ramón Souza 0-0: Ball
1-0: Swinging Strike
1-1: DOUBLE (Line Drive, 7LM)
Pinch Hitting: RHB Rick Atkinson 0-0: Ball
1-0: SINGLE (Groundball, 6M)
Ramón Souza to third
Batting: LHB Emílio Sáenz 0-0: Swinging Strike
0-1: Ball
1-1: Foul Ball, location: 2F
1-2: Ball
2-2: Foul Ball, location: 2F
2-2: Strikes out swinging
Batting: RHB Cory Staton 0-0: Ball
Rick Atkinson steals 2nd base
1-0: Intentional Walk
Pinch Hitting: RHB Harry Fuller 0-0: Fly out, F8 (Line Drive, 8LM)
Runner from 3rd tags up, SCORES, throw made
This league is powered by Out of the Park Baseball, the baseball management simulation game for PC, Mac and Linux
Saturday, July 25th, 2015 - OOTP Baseball 15.6 Build 34